Map: Dusk Towers

Players

ILLBdA

  • Race: Protoss Protoss
  • League: Platinum

rockstar - Winner!

  • Race: Zerg Zerg
  • League: Master

VOD

Have the link to the VOD?

Description

Time

  • Played on: Dec. 14, 2015, 1:42 a.m.
  • Length: 2:41
Show
View Real Time Build Order
Export as new Build Order

ILLBdA Protoss 

Build Orders:  

Get SALT Encoding   

  12  0:04  Probe (Chrono Boost)  
  13  0:15  Probe (Chrono Boost)  
  14  0:25  Probe (Chrono Boost)  
  15  0:38  Pylon  
  15  0:57  Gateway  
  15  0:59  Gateway  
  15  1:00  Gateway  
  15  1:10  Gateway  
  15  1:17  Pylon  
  21  1:49  Zealot x3 (Chrono Boost)  
  21  1:52  Pylon  
  21  1:57  Zealot (Chrono Boost)  
  23  2:19  Probe  
Show
View Real Time Build Order
Export as new Build Order

rockstar Zerg - Winner!

Build Orders: Pool First 

Get SALT Encoding   

  12  0:18  Spawning Pool  
  11  0:23  Drone  
  11  0:27  Drone  
  13  0:33  Drone  
  14  0:41  Overlord  
  14  1:05  Zergling x4  
  14  1:08  Zergling x2  
  17  1:18  Zergling x2  
  18  1:21  Hatchery  
  17  1:28  Zergling x2  
  18  1:38  Zergling x2  
  19  1:42  Queen  
  21  1:52  Overlord  
  21  2:01  Spine Crawler  
  20  2:05  Zergling x2  
  20  2:18  Spine Crawler, Zergling x2  
Tags
 
Matchup
PvZ
Opening
Pool First
Replay Pack
me
Add a new tag
Caveats
  • Supply blocks, unpowered buildings, or Contaminate may cause inaccurate times.
  • Supply counts are checked every 10 seconds.